 Dungeon Crawl Stone Soup version 0.30-a0-824-g6c64550be9 (webtiles) character file.

Game seed: 5054605307111158696

137 cforsyth the Sneak (level 5, -8/32 HPs)
             Began as a Kobold Brigand on Feb 28, 2023.
             Mangled by an ice beast (13 damage)
             ... on level 4 of the Dungeon.
             The game lasted 00:02:16 (3173 turns).

cforsyth the Sneak (Kobold Brigand)                 Turns: 3173, Time: 00:02:16

Health: -8/32      AC:  7    Str:  8    XL:     5   Next: 44%
Magic:  5/5        EV: 15    Int: 13    God:
Gold:   243        SH:  0    Dex: 18    Spells: 4/4 levels left

rFire   + . .      SeeInvis .    a - +2 dagger
rCold   . . .      Faith    .    (no shield)
rNeg    . . .      Spirit   .    n - +1 leather armour of the Mind {rF+}
rPois   .          Reflect  .    (no helmet)
rElec   .          Harm     .    c - +0 cloak
rCorr   .          Rampage  .    (no gloves)
Will    .....                    j - +1 pair of boots
Stlth   ++++                     (no amulet)
HPRegen 0.25/turn                (no ring)
MPRegen 0.09/turn                (no ring)

@: no status effects
A: small, no large weapons, nightstalker 3
a: no special abilities


You were on level 4 of the Dungeon.
You visited 1 branch of the dungeon, and saw 4 of its levels.

You collected 243 gold pieces.

Inventory:

Hand Weapons
 a - a +2 dagger (weapon)
Missiles
 d - 9 poisoned darts (quivered)
 e - 3 curare-tipped darts
Armour
 b - a +0 robe
 c - a +0 cloak (worn)
 j - a +1 pair of boots (worn)
 n - the +1 leather armour of the Mind (worn) {rF+}
   (You found it on level 2 of the Dungeon)

   rF:        It protects you from fire.
Wands
 r - a wand of paralysis (13)
Scrolls
 f - 3 scrolls of immolation {unknown}
 g - a scroll of acquirement {unknown}
 i - 3 scrolls of identify {unknown}
 m - a scroll of poison {unknown}
 p - a scroll of vulnerability {unknown}
 q - a scroll of fog {unknown}
 t - 2 scrolls of teleportation {unknown}
 u - a scroll of brand weapon {unknown}
Potions
 h - a potion of flight {unknown}
 k - a potion of haste {unknown}
 l - a potion of might {unknown}
 o - a potion of invisibility {unknown}
 s - 2 potions of heal wounds {unknown}
 v - a potion of mutation {unknown}


   Skills:
 + Level 3.4 Fighting
 + Level 4.1 Short Blades
 - Level 2.1 Throwing
 + Level 3.0 Dodging
 + Level 6.3 Stealth


You had 4 spell levels left.
You didn't know any spells.
Your spell library contained the following spells:

 Spells                   Type           Power      Damage    Failure   Level
 Shock                    Conj/Air       0%         1d3       41%         1
 Swiftness                Air            0%         N/A       80%         3
 Airstrike                Air            0%         2d(0-16)  99%         4
 Anguish                  Hex/Necr       0%         N/A       99%         4
 Enfeeble                 Hex            0%         N/A       100%        7


Dungeon Overview and Level Annotations

Branches:
Dungeon (4/15)
 Temple: D:4-7

Altars:


Innate Abilities, Weirdness & Mutations

You are small and have problems with some larger weapons.
You are completely attuned to the shadows.


Message History

The ice beast is lightly wounded.
The ice beast hits you but does no damage.
You hit the ice beast.
The ice beast is moderately wounded.
The ice beast misses you.
You hit the ice beast.
The ice beast is moderately wounded.
The ice beast hits you but does no damage.
You barely miss the ice beast.
The ice beast is moderately wounded.
The ice beast hits you. The ice beast freezes you.
You are too injured to fight recklessly!
You are too injured to fight recklessly!
You are too injured to fight recklessly!
You are too injured to fight recklessly!
You are too injured to fight recklessly!
You are too injured to fight recklessly!
You are too injured to fight recklessly!
You are too injured to fight recklessly!
You are too injured to fight recklessly!
You are too injured to fight recklessly!
You are too injured to fight recklessly!
You are too injured to fight recklessly!
You are too injured to fight recklessly!
You are too injured to fight recklessly!
You hit the ice beast.
The ice beast is heavily wounded.
You hit the ice beast.
The ice beast is heavily wounded.
The ice beast misses you.
You hit the ice beast.
The ice beast is severely wounded.
The ice beast hits you. The ice beast freezes you.
* * * LOW HITPOINT WARNING * * *
You hit the ice beast.
The ice beast is almost dead.
The ice beast hits you.
* * * LOW HITPOINT WARNING * * *
The ice beast freezes you!
You die...

#.# #.###.#.##.# #.#
#.....#.##.# #.#
#####....#.# #.#
#........#.# #.#
#.###.##.#.# #.# #.#
#....#.# #.# #.########.#
#.##########.#..........#
#...>....@Y..############
##############


You could see an ice beast.

Vanquished Creatures
  2 hounds
  An adder (D:2)
  An ufetubus (D:3)
  A worm (D:2)
  3 dart slugs
  2 orcs (D:4)
  4 ball pythons
  3 endoplasms
  A giant cockroach (D:2)
  2 goblins
  5 hobgoblins
  5 jackals
  3 quokkas
  7 bats
  A frilled lizard (D:2)
  7 kobolds
  6 rats
54 creatures vanquished.

Notes
Turn   | Place    | Note
-------+----------+-------------------------------------------
     0 | D:1      | cforsyth the Kobold Brigand began the quest for the Orb.
     0 | D:1      | Reached XP level 1. HP: 12/12 MP: 1/1
   189 | D:1      | Reached XP level 2. HP: 18/18 MP: 2/2
   361 | D:1      | Found a faded altar of an unknown god.
   578 | D:1      | Reached XP level 3. HP: 20/22 MP: 3/3
  1354 | D:2      | Identified the +1 leather armour of the Mind {rF+}
  1911 | D:3      | Reached XP level 4. HP: 27/27 MP: 4/4
  2150 | D:3      | Reached skill level 6 in Stealth
  2892 | D:4      | Reached XP level 5. HP: 32/32 MP: 5/5
  3155 | D:4      | Noticed an ice beast
  3173 | D:4      | Mangled by an ice beast

Illustrated notes

Levels and vault maps discovered:
D:1:      dpeg_cavernosity, layout_basic, nicolae_ecumenical_snake_handling,
          hex_intersection, dreamdust_wishing_well, minivault_26
D:2:      layout_loops_ring, minivault_27, dreamdust_princess_corridor
D:3:      layout_loops_corners
D:4:      layout_basic

Skill      XL: |  1  2  3  4  5 |
---------------+----------------+-----
Short Blades   | 3 4 |  4.1
Dodging        | 2 3 |  3.0
Fighting       | 3 |  3.4
Stealth        | 6 |  6.3
Throwing       | |  2.1

Action                     |  1- 3 |  4- 6 || total
---------------------------+-------+-------++-------
  Melee: Dagger            |    67 |   112 ||   179
         Punch             |     1 |     3 ||     4
   Stab: Sleeping          |    20 |    10 ||    30
 Armour: Robe              |    11 |       ||    11
         Leather armour    |     1 |    43 ||    44
  Dodge: Dodged            |    20 |    73 ||    93

Table legend: (Time is in decaauts)
 A = Elapsed time spent in this place.
 B = Non-inter-level travel time spent in this place.
 C = Inter-level travel time spent in this place.
 D = Time resting spent in this place.
 E = Time spent auto-exploring this place.
 F = Levels seen in this place.
 G = Mean time per level.
                   A        B        C        D        E       F      G
               +--------+--------+--------+--------+--------+-----+--------+
         Total |   3141 |   3030 |    111 |      0 |   2651 |   4 |  785.2 |
       Dungeon |   3141 |   3030 |    111 |      0 |   2651 |   4 |  785.2 |
               +--------+--------+--------+--------+--------+-----+--------+

Top non-repeatable levels by time:
     D:1: 1047 daAuts
     D:3: 951 daAuts
     D:2: 852 daAuts
     D:4: 290 daAuts
